 Dungeon Crawl Stone Soup version 0.29.1-12-g30fa7ad0bf (webtiles) character file.

Game seed: 10991722540997023741

8759 cheesebisquit the Severer (level 11, 0/91 HPs)
             Began as a Minotaur Berserker on Dec 14, 2022.
             Was an Elder of Trog.
             Succumbed to Sonja's poison
             ... on level 11 of the Dungeon.
             The game lasted 00:42:49 (7864 turns).

cheesebisquit the Severer (Minotaur Berserker)      Turns: 7864, Time: 00:42:49

Health: 0/91       AC: 15    Str: 34    XL:     11   Next: 14%
Magic:  10/10      EV:  8    Int:  8    God:    Trog [****..]
Gold:   527        SH:  5    Dex: 11    Spells: 10/10 levels left

rFire   + . .      SeeInvis .   a - +2 war axe
rCold   . . .      Faith    .   O - +0 buckler
rNeg    . . .      Spirit   .   e - +0 plate armour
rPois   .          Reflect  .   (helmet restricted)
rElec   .          Harm     .   G - +0 cloak
rCorr   +          Rampage  .   q - +0 pair of gloves
Will    ++...                   (no boots)
Stlth   ..........              t - amulet of regeneration
HPRegen 2.05/turn               h - +6 ring of strength
MPRegen 0.12/turn               L - ring "Teuvicedi" {rF+ rCorr Str+3 Int+4}

@: lethally poisoned (0 -> -52), strong-willed (expiring), on berserk cooldown,
regenerating (expiring), slowed, very slow
A: horns 2, retaliatory headbutt
a: Renounce Religion, Berserk, Trog's Hand, Brothers in Arms


You were on level 11 of the Dungeon.
You worshipped Trog.
Trog was greatly pleased with you.
You visited 1 branch of the dungeon, and saw 9 of its levels.
You also visited: Ossuary.

You collected 527 gold pieces.

Inventory:

Hand Weapons
 a - a +2 war axe (weapon)
 b - a +1 sling of freezing
 C - the +2 battleaxe of a sewer {freeze, rF+}
   (You found it on level 7 of the Dungeon)

   It freezes those it strikes, dealing additional cold damage.
   It can also slow down cold-blooded creatures.
   rF:        It protects you from fire.
 P - a +2 mace of protection
 Q - the +5 whip of Vieschul {vorpal, *Rage rF+ Int+3 Dex+3}
   (You found it on level 7 of the Dungeon)

   It inflicts extra damage upon your enemies.
   Int:       It affects your intelligence (+3).
   Dex:       It affects your dexterity (+3).
   rF:        It protects you from fire.
   *Rage:     It berserks you when you make melee attacks (+20% chance).
Missiles
 i - 125 stones (quivered)
 k - 33 poisoned darts
 I - 2 curare-tipped darts
 M - 2 throwing nets
Armour
 e - a +0 plate armour (worn)
 q - a +0 pair of gloves (worn)
 G - a +0 cloak (worn)
 O - a +0 buckler (worn)
 R - a +0 plate armour of positive energy
Jewellery
 h - a +6 ring of strength (left hand)
 r - an amulet of reflection
 t - an amulet of regeneration (around neck)
 u - the amulet of the Air {Inacc Air Fly rElec RMsl}
   (You found it on level 3 of the Dungeon)

   [amulet of nothing]

   It reduces the accuracy of all your attacks.
   It enhances your air magic.
   rElec:     It insulates you from electricity.
   Fly:       It grants you flight.
   RMsl:      It protects you from missiles.
 v - an amulet of the acrobat
 D - a ring of protection from fire
 F - a ring of protection from cold
 J - a ring of see invisible
 K - a ring of protection from fire
 L - the ring "Teuvicedi" (right hand) {rF+ rCorr Str+3 Int+4}
   (You found it on level 6 of the Dungeon)

   [ring of protection from fire]

   Str:       It affects your strength (+3).
   Int:       It affects your intelligence (+4).
   rF:        It protects you from fire.
   rCorr:     It protects you from acid and corrosion.
 Z - a +4 ring of evasion
Wands
 s - a wand of light (8)
 y - a wand of mindburst (22)
 H - a wand of charming (19)
 W - a wand of roots (3)
 X - a wand of flame (8)
 Y - a wand of polymorph (5)
Scrolls
 c - 3 scrolls of amnesia {unknown}
 f - a scroll of fear {unknown}
 m - a scroll of summoning
 p - a scroll of enchant armour {unknown}
 w - a scroll of brand weapon {unknown}
 x - a scroll of poison {unknown}
 A - a scroll of butterflies {unknown}
 B - a scroll of silence {unknown}
 E - a scroll of teleportation
 T - a scroll of blinking {unknown}
 U - a scroll of torment {unknown}
 V - a scroll of magic mapping {unknown}
Potions
 d - a potion of flight
 j - 2 potions of lignification
 n - a potion of resistance
 o - a potion of heal wounds
 z - 2 potions of curing
 N - 3 potions of berserk rage
 S - a potion of degeneration {unknown}


   Skills:
 + Level 6.8 Fighting
 + Level 18.0 Axes
 + Level 6.2 Armour
 - Level 2.4 Dodging
 + Level 5.4 Shields


You had 10 spell levels left.
You didn't know any spells.
Your spell library was empty.

Dungeon Overview and Level Annotations

Branches:
Dungeon (8/15)             Temple (0/1) D:7             Orc (0/2) D:11
Ossuary (visited)
   Lair: D:8-11

Altars:
Cheibriados
Gozag
Hepliaklqana
Makhleb
Qazlal
Sif Muna
Wu Jian

Annotations:
D:11 Sonja


Innate Abilities, Weirdness & Mutations

You have a pair of horns on your head.
You reflexively headbutt those who attack you in melee.


Message History

You slice Sonja!!
Sonja is severely wounded.
You feel the effects of Trog's Hand fading.
You feel extremely sick. Sonja hits you but does no damage.
You are more poisoned.
Sonja hits you but does no damage. x2
You are more poisoned.
You closely miss Sonja.
Sonja is severely wounded.
You feel extremely sick. You block Sonja's attack.
Sonja hits you but does no damage. Sonja barely misses you.
You barely miss Sonja.
Sonja is severely wounded.
You feel extremely sick. Sonja hits you but does no damage.
You are more poisoned.
Sonja hits you but does no damage.
You are more poisoned.
Sonja hits you but does no damage.
You are more poisoned.
Sonja hits you with a +2 dagger of venom.
You are lethally poisoned!
Sonja hits you but does no damage.
You are more poisoned.
Sonja barely misses you.
You barely miss Sonja. Your headbutt misses Sonja.
Sonja is severely wounded.
* * * LOW HITPOINT WARNING * * *
You feel extremely sick. Sonja completely misses you.
Sonja hits you with a +2 dagger of venom.
* * * LOW HITPOINT WARNING * * *
You are more poisoned.
You block Sonja's attack. x3; Sonja hits you but does no damage.
You are more poisoned.
You closely miss Sonja.
Sonja is severely wounded.
You die...

#.....# .. ##....##
## . #####+####..#.##
.. o. #........)).###
#.... ...
#........))## +....
.... #..........##
#.... .....
###...........# #....
......#.'...........#
#....
......'.#....@K.....#
#....
......###...........#
#.... ###'##
#...........# #.... #
#......รท<...# #....
######'###### ###'#
#.## #.. # #..# ##.
.# ##.# #. ###.# #.#
#####


You could see Sonja.

Vanquished Creatures
  A boulder beetle (D:7)
  Pikel (D:7)
  A cyclops (D:7)
  2 manticores
  Joseph (D:7)
  A gargoyle (D:11)
  Maggie (D:7)
  2 kobold demonologists (D:7)
  A troll (D:7)
  2 slime creatures
  Sigmund (D:2)
  2 shadows (D:11)
  A wraith (D:7)
  Eustachio (D:4)
  2 steam dragons (D:7)
  Menkaure (D:5)
  An acid dragon (D:7)
  Duvessa (D:7)
  3 orc warriors
  A sky beast (D:6)
  A black bear (D:5)
  2 ogres
  4 centaurs
  A lemure (D:7)
  A phantom (D:6)
  3 kobold brigands
  3 scorpions
  2 bullfrogs (D:7)
  An elf zombie (Ossuary)
  2 gnoll sergeants
  4 wights (D:7)
  2 howler monkeys (D:11)
  A centaur zombie (Ossuary)
  2 orc priests
  2 human zombies (Ossuary)
  7 jellies
  A gnoll bouda (D:6)
  6 hounds
  3 iguanas
  Ijyb (D:4)
  3 orc wizards
  A hound zombie (Ossuary)
  3 mummies (Ossuary)
  15 gnolls
  6 adders
  A shadow imp (D:6)
  A white imp (D:3)
  An ufetubus (D:5)
  4 adder zombies (Ossuary)
  A worm (D:2)
  2 dart slugs
  36 orcs
  9 ball pythons
  21 endoplasms
  3 giant cockroaches
  6 goblins
  5 hobgoblins
  4 jackals (D:2)
  16 kobolds
  4 quokkas
  6 bats
  3 frilled lizards
  3 gnoll zombies (Ossuary)
  4 goblin zombies (Ossuary)
  5 hobgoblin zombies (Ossuary)
  4 jackal zombies (Ossuary)
  2 kobold zombies (Ossuary)
  An orc zombie (Ossuary)
  2 quokka zombies (Ossuary)
  2 rats
  4 rat zombies (Ossuary)
254 creatures vanquished.

Vanquished Creatures (collateral kills)
  A gnoll (D:11)
1 creature vanquished.

Vanquished Creatures (others)
  Dowan (D:7)
  5 fungi (D:6)
  4 plants (D:4)
10 creatures vanquished.

Grand Total: 265 creatures vanquished

Notes
Turn   | Place    | Note
-------+----------+-------------------------------------------
     0 | D:1      | cheesebisquit the Minotaur Berserker began the quest for
                  | the Orb.
     0 | D:1      | Reached XP level 1. HP: 19/19 MP: 0/0
   398 | D:1      | Found a faded altar of an unknown god.
   402 | D:1      | Reached XP level 2. HP: 23/27 MP: 1/1
   411 | D:1      | Reached skill level 4 in Axes
  1434 | D:2      | Reached XP level 3. HP: 33/33 MP: 2/2
  1442 | D:2      | Reached ** piety under Trog
  1790 | D:2      | Reached skill level 5 in Axes
  2116 | D:2      | Noticed Sigmund
  2145 | D:2      | Killed Sigmund
  2146 | D:2      | Reached skill level 7 in Axes
  2146 | D:2      | Reached XP level 4. HP: 26/40 MP: 3/3
  2146 | D:2      | Reached XP level 5. HP: 30/46 MP: 4/4
  2601 | D:3      | Found a hazy altar of Hepliaklqana.
  2741 | D:3      | Found an opulent altar of Gozag.
  2981 | D:3      | Found the amulet of the Air {Inacc Air Fly rElec RMsl}
  3451 | D:4      | Noticed Ijyb
  3459 | D:4      | Killed Ijyb
  3460 | D:4      | Reached skill level 8 in Axes
  3460 | D:4      | Reached XP level 6. HP: 52/52 MP: 5/5
  3476 | D:4      | Found a snail-covered altar of Cheibriados.
  3751 | D:4      | Noticed Eustachio
  3760 | D:4      | Killed Eustachio
  3761 | D:4      | Reached skill level 9 in Axes
  3761 | D:4      | Reached XP level 7. HP: 58/58 MP: 6/6
  3811 | D:4      | Found a shimmering blue altar of Sif Muna.
  3814 | D:4      | Found a stormy altar of Qazlal.
  4092 | D:4      | Found a burning altar of Makhleb.
  4178 | D:5      | Entered Level 5 of the Dungeon
  4234 | D:5      | Reached skill level 10 in Axes
  4319 | D:5      | Reached skill level 11 in Axes
  4423 | D:5      | Reached XP level 8. HP: 58/66 MP: 7/7
  4498 | D:5      | Identified the +6 falchion "Ameixewk" {drain, rC++ MP-9
                  | Int+2}
  4507 | D:5      | Found an ornate altar of the Wu Jian Council.
  4508 | D:5      | Noticed Menkaure
  4511 | D:5      | Killed Menkaure
  4666 | D:5      | Reached skill level 12 in Axes
  5391 | D:6      | Identified the ring "Teuvicedi" {rF+ rCorr Str+3 Int+4}
  5415 | D:6      | Reached skill level 13 in Axes
  6004 | D:6      | Noticed a slime creature
  6012 | D:6      | Killed a slime creature
  6013 | D:6      | Reached skill level 14 in Axes
  6013 | D:6      | Reached XP level 9. HP: 71/71 MP: 8/8
  6172 | D:7      | Noticed Joseph
  6179 | D:6      | Reached *** piety under Trog
  6221 | D:7      | Killed Joseph
  6222 | D:7      | Reached skill level 15 in Axes
  6260 | D:7      | Found a staircase to the Ecumenical Temple.
  6287 | D:7      | Noticed Pikel
  6296 | D:7      | Killed Pikel
  6316 | D:7      | Reached skill level 16 in Axes
  6351 | D:7      | Noticed Duvessa
  6351 | D:7      | Noticed Dowan
  6356 | D:7      | Noticed Maggie
  6363 | D:7      | Killed Duvessa
  6371 | D:7      | Killed Maggie
  6389 | D:7      | Killed Dowan
  6390 | D:7      | Reached XP level 10. HP: 30/75 MP: 9/9
  6395 | D:7      | Reached skill level 17 in Axes
  6490 | D:7      | Noticed a boulder beetle
  6493 | D:7      | Reached skill level 1 in Shields
  6501 | D:7      | Noticed a manticore
  6513 | D:7      | Killed a boulder beetle
  6518 | D:7      | Noticed an orange demon
  6522 | D:7      | Reached skill level 5 in Fighting
  6534 | D:7      | Noticed a cyclops
  6546 | D:7      | Killed a cyclops
  6552 | D:7      | Killed a manticore
  6553 | D:7      | Reached skill level 5 in Armour
  6568 | D:7      | Identified the +2 battleaxe of a sewer {freeze, rF+}
  6637 | D:7      | Identified the +5 whip of Vieschul {vorpal, *Rage rF+ Int+3
                  | Dex+3}
  6745 | D:7      | Found a sand-covered staircase.
  6755 | Ossuary  | Entered an ossuary
  6834 | Ossuary  | Reached **** piety under Trog
  7300 | D:8      | You fall into a shaft and drop 3 floors!
  7373 | D:11     | Noticed a gargoyle
  7401 | D:11     | Killed a gargoyle
  7402 | D:11     | Reached skill level 5 in Shields
  7402 | D:11     | Reached XP level 11. HP: 83/91 MP: 10/10
  7515 | D:11     | Found a staircase to the Orcish Mines.
  7616 | D:11     | Reached skill level 18 in Axes
  7839 | D:11     | Noticed Sonja
  7864 | D:11     | Succumbed to Sonja's poison

Illustrated notes

Levels and vault maps discovered:
D:1:      dpeg_arrival_rooms_a, layout_basic,
          shapermc_ecumenical_altar_starsandcircs, minmay_statues_item
D:2:      layout_basic, uniq_sigmund
D:3:      layout_loops_cross, nicolae_gozag_seed_capital, lemuel_tele_altar,
          chequers_serial_rivers_large_b
D:4:      layout_gridville, mainiacjoe_overflow_brackets, kennysheep_little_box,
          chequers_temple_overflow_statue_of_worship, serial_bayou,
          serial_bayou_shore_a, serial_bayou_ford_a, serial_bayou_lagoon_a,
          serial_bayou_lagoon_b, kennysheep_flooded_box, uniq_eustachio,
          uniq_ijyb
D:5:      layout_loops_corners, nzn_wu_jian_contemplation, serial_rivers,
          chequers_serial_rivers_small_b, chequers_serial_rivers_room_b,
          chequers_serial_rivers_micro_e, chequers_serial_rivers_micro_b,
          chequers_serial_rivers_small_a, chequers_serial_rivers_room_b,
          minmay_misc_feat_x, uniq_menkaure
D:6:      lemuel_slime, layout_gridville
D:7:      minmay_the_grid_octo_triangle [minmay_the_grid_octo_fat_diamond,
          minmay_the_grid_octo_prize_star, minmay_the_grid_octo_toaster],
          layout_cave_pools, minmay_temple_entry_waves, enter_ossuary_3,
          uniq_maggie, uniq_pikel, uniq_duvessa, uniq_joseph
D:8:      layout_basic, due_lair_maze_entry_diamond, st_stairs_8,
          grunt_decor_fettered
D:11:     layout_roguey, hiddenorc1_lemuel, uniq_sonja

Skill      XL: |  1  2  3  4  5  6  7  8  9 10 11 |
---------------+----------------------------------+-----
Axes           | 4 7 8 9 11 14 16 17 18 | 18.0
Fighting       | 6 |  6.8
Armour         | 5 6 |  6.2
Shields        | 5 |  5.4
Dodging        | |  2.4

Action                   |  1- 3 |  4- 6 |  7- 9 | 10-12 || total
-------------------------+-------+-------+-------+-------++-------
Melee: Hand axe          |   125 |    73 |    83 |       ||   281
       Punch             |     1 |       |     4 |       ||     5
       Headbutt          |     8 |    15 |    39 |    48 ||   110
       War axe           |       |       |   148 |   223 ||   371
Invok: Trog's Hand       |     2 |     2 |     5 |     4 ||    13
       Berserk           |     1 |     4 |     6 |     5 ||    16
  Use: Scroll            |       |     6 |     2 |     7 ||    15
       Potion            |       |     1 |     1 |    13 ||    15
Armor: Animal skin       |     8 |       |       |       ||     8
       Plate armour      |    60 |    33 |   118 |   119 ||   330
       Leather armour    |     1 |       |       |       ||     1
Dodge: Dodged            |    40 |    18 |    79 |    70 ||   207
Block: Other             |       |     8 |       |       ||     8
       Reflection        |       |     2 |       |       ||     2
       Buckler           |       |       |       |    44 ||    44
